[Event "*** Titled Tuesday Blitz"]
[Site "Chess.com"]
[Date "2021.03.16"]
[Round "6"]
[White "Andreikka"]
[Black "cukin84"]
[Result "1-0"]
[WhiteElo "2876"]
[BlackElo "2125"]
[TimeControl "180+1"]
[EndTime "11:04:32 PDT"]
[Termination "Andreikka won on time"]

1. Nf3 f5 2. d3 Nf6 3. Nbd2 g6 4. e4 fxe4 5. dxe4 d6 6. e5 dxe5 7. Nxe5 Bh6 8. Bc4 e6 9. Qe2 O-O 10. O-O Nd5 11. Ndf3 Bg7 12. Rd1 Nc6 13. Bg5 Qe8 14. Bb5 Nf4 15. Qe4 Nd5 16. Bxc6 bxc6 17. c4 Nf6 18.
Qh4 Ba6 19. b3 Nh5 20. Rd7 Rf5 21. Re7 Qf8 22. Re1 Re8 23. Rxc7 Qd6 24. Rd7 Qb4 25.
g4 Bxe5 26. Rxe5 Rxf3 27. gxh5 Qc3 28. hxg6 Qa1+ 29. Kg2 Qxe5 30. Qxh7+ Kf8 31. Rf7+ 1-0

[Event "*** Titled Tuesday Blitz"]
[Site "Chess.com"]
[Date "2021.03.16"]
[Round "6"]
[White "vovachesss"]
[Black "Fandorine"]
[Result "0-1"]
[WhiteElo "2745"]
[BlackElo "2880"]
[TimeControl "180+1"]
[EndTime "11:04:34 PDT"]
[Termination "Fandorine won by resignation"]

1. Nf3 Nf6 2. g3 b6 3. Bg2 Bb7 4. O-O g6 5. b3 Bg7 6. Bb2 c5 7. c4 O-O 8. Nc3 d6 9. d4 cxd4 10. Qxd4 Nbd7 11. Rfd1 Rc8 12. Rac1 Rc5 13. Qd3 Qa8 14.
h3 Re8 15. Ne1 a6 16. b4 Ne5 17.
Qd2 Nxc4 18. Bxb7 Qxb7 19. Qf4 Nxb2 20. bxc5 Nxd1 21. c6 Qxc6 22. Nxd1 Qd7 23. g4 Rc8 24. Rxc8+ Qxc8 25. Nd3 h5 26. g5 Nd5 27. Qe4 e6 28. Ne3 Nc3 29. Qb4 Qc6 30. Nc4 Nxe2+ 31. Kf1 Nd4 0-1

[Event "*** Titled Tuesday Blitz"]
[Site "Chess.com"]
[Date "2021.03.16"]
[Round "6"]
[White "CrazyMartian"]
[Black "MasterKroket"]
[Result "1/2-1/2"]
[WhiteElo "2257"]
[BlackElo "2493"]
[TimeControl "180+1"]
[EndTime "11:04:39 PDT"]
[Termination "Game drawn by agreement"]

1. d4 Nf6 2. Bf4 c5 3. e3 e6 4. c3 b6 5. Qf3 Nc6 6. Nd2 Bb7 7.
Qd1 d6 8. Ngf3 Be7 9. h3 O-O 10.
Bh2 Qc7 11. Be2 e5 12. dxe5 Nxe5 13. Nxe5 dxe5 14. O-O Rfd8 15. Qc2 b5 16. c4 b4 17. Rfd1 Rd7 18. Bf3 Bd6 19. Ne4 Nxe4 20. Bxe4 Bxe4 21. Qxe4 Rad8 22. Rd5 f6 23. Rad1 Bf8 24. b3 Rxd5 25.
Rxd5 Rxd5 26. Qxd5+ Qf7 27. e4 Qxd5 28. exd5 Bd6 29. g4 g6 30. f3 f5 31. Kf2 Kf7 32. Ke2 Kf6 33. Bg3 Bf8 34. Bh4+ g5 35. Bf2 Bd6 36.
Kd3 a6 37. Ke3 a5 1/2-1/2

[Event "*** Titled Tuesday Blitz"]
[Site "Chess.com"]
[Date "2021.03.16"]
[Round "6"]
[White "PavelChernomordik"]
[Black "rachidhuilda"]
[Result "1-0"]
[WhiteElo "2400"]
[BlackElo "2286"]
[TimeControl "180+1"]
[EndTime "11:04:46 PDT"]
[Termination "PavelChernomordik won on time"]

1. e4 d5 2. exd5 Qxd5 3. Nc3 Qa5 4. Bc4 c6 5. Qe2 Nf6 6. Nf3 Bf5 7. d3 e6 8. Bd2 Qc7 9. Nd4 Be7 10. Nxf5 exf5 11.
O-O-O O-O 12. Qf3 g6 13. Bh6 Re8 14. Rde1 Nbd7 15. d4 Bf8 16. Bf4 Bd6 17. Bg5 Bb4 18. Bf4 Qa5 19. Bd2 Ne4 20. Nxe4 fxe4 21. Qxf7+ Kh8 22.
c3 Be7 23. Rxe4 Qd8 24. Rhe1 Nb6 25. Rxe7 Rxe7 26. Rxe7 1-0

[Event "*** Titled Tuesday Blitz"]
[Site "Chess.com"]
[Date "2021.03.16"]
[Round "6"]
[White "Piacramling"]
[Black "RamyresCoelho"]
[Result "1-0"]
[WhiteElo "2338"]
[BlackElo "2082"]
[TimeControl "180+1"]
[EndTime "11:04:47 PDT"]
[Termination "Piacramling won by resignation"]

1. Nf3 Nf6 2. c4 g6 3. Nc3 Bg7 4. e4 d6 5. d4 O-O 6. h3 Nc6 7. d5 Ne5 8. Nd4 c5 9. Nc2 Ne8 10. f4 Nd7 11. Be3 a6 12. a4 e5 13. f5 Ndf6 14.
g4 h6 15. Be2 Nh7 16. h4 Kh8 17. Qd2 gxf5 18. gxf5 Qf6 19. O-O-O Bd7 20. a5 Nc7 21.
Rdg1 Rg8 22. Bg5 hxg5 23. hxg5 Qd8 24. g6 fxg6 25. Rxh7+ Kxh7 26. Rh1+ 1-0

[Event "*** Titled Tuesday Blitz"]
[Site "Chess.com"]
[Date "2021.03.16"]
[Round "6"]
[White "Chigorinetz"]
[Black "Gloomy_Wanderer"]
[Result "0-1"]
[WhiteElo "2499"]
[BlackElo "2676"]
[TimeControl "180+1"]
[EndTime "11:04:48 PDT"]
[Termination "Gloomy_Wanderer won by resignation"]

1. e4 c5 2. Nc3 a6 3. g4 b5 4. Bg2 Bb7 5. Nge2 e6 6. d3 h6 7.
h4 Nc6 8. Ng3 d6 9. a4 b4 10.
Nce2 Be7 11. h5 Nf6 12. f3 d5 13. Be3 Qc7 14. Qd2 Bd6 15. Nf1 a5 16. c3 dxe4 17.
dxe4 Rd8 18. Qc2 Ba6 19. g5 hxg5 20. Bxg5 Ne5 21. Bxf6 gxf6 22. Rd1 c4 23. Ne3 Nd3+ 24. Kf1 Bc5 25. Ng4 f5 26. exf5 exf5 27. cxb4 axb4 28. Nf6+ Ke7 29. b3 c3 30. Rxd3 Bxd3 31. Qc1 Kxf6 32.
Qf4 Qxf4 0-1

[Event "*** Titled Tuesday Blitz"]
[Site "Chess.com"]
[Date "2021.03.16"]
[Round "6"]
[White "AsaHoffmann"]
[Black "TheCairnTerrier"]
[Result "1-0"]
[WhiteElo "2361"]
[BlackElo "2152"]
[TimeControl "180+1"]
[EndTime "11:04:52 PDT"]
[Termination "AsaHoffmann won by resignation"]

1. d4 Nf6 2. Bg5 Ne4 3. Bf4 c5 4. f3 Qa5+ 5. c3 Nf6 6. d5 Qb6 7. e4 Qxb2 8. Nd2 Qxc3 9. Bc7 d6 10. Rb1 Qe5 11. Nc4 Qh5 12. Bxb8 Rxb8 13. Qa4+ Bd7 14. Qxa7 Rd8 15. Qxb7 g6 16. Na5 Bg7 17. Nc6 Nxd5 18. Nxd8 Bc3+ 19. Kd1 Ne3+ 20. Ke2 Nxf1 21. Kxf1 O-O 22.
Qxd7 Qe5 23. Ne2 Ba5 24. Nc6 1-0

[Event "*** Titled Tuesday Blitz"]
[Site "Chess.com"]
[Date "2021.03.16"]
[Round "6"]
[White "zverr1"]
[Black "SanchezKelvin"]
[Result "0-1"]
[WhiteElo "2472"]
[BlackElo "2622"]
[TimeControl "180+1"]
[EndTime "11:04:55 PDT"]
[Termination "SanchezKelvin won by resignation"]

1. d4 Nf6 2. c4 e6 3. Nc3 c5 4. d5 exd5 5. cxd5 d6 6. e4 g6 7. f4 Bg7 8. Bb5+ Nfd7 9. Bd3 O-O 10. Nf3 Na6 11. O-O Nc7 12. Kh1 a6 13. a4 Rb8 14.
f5 b5 15. Bf4 c4 16. Bxd6 cxd3 17. e5 b4 18. Ne4 Nxd5 19. e6 N7f6 20. Nxf6+ Nxf6 21.
Bxb8 fxe6 22. fxg6 hxg6 23. Ne5 Bb7 24. Ba7 Qd5 25. Qf3 Ne4 26. Nf7 Nd2 27. Qxd5 Bxd5 28. Rfd1 Nb3 29. Ng5 Nxa1 30. Rxa1 Bxb2 31. Rb1 Bc3 32.
Bc5 Rf5 33. h4 d2 34. Kg1 Bc4 35. Be3 Be2 36. Ne4 d1=Q+ 37. Rxd1 Bxd1 38. g4 Re5 39. Nf6+ Kf7 0-1

[Event "*** Titled Tuesday Blitz"]
[Site "Chess.com"]
[Date "2021.03.16"]
[Round "6"]
[White "Ranindu2003"]
[Black "Manukyan_Artak"]
[Result "1-0"]
[WhiteElo "2585"]
[BlackElo "2390"]
[TimeControl "180+1"]
[EndTime "11:04:56 PDT"]
[Termination "Ranindu2003 won by resignation"]

1. d4 Nf6 2. Bf4 c5 3. e3 d5 4. Nc3 Bg4 5. f3 Bf5 6. dxc5 e6 7. Bxb8 Rxb8 8. Bb5+ Ke7 9. Nge2 g5 10. O-O h5 11. e4 dxe4 12. fxe4 Qxd1 13. Raxd1 Bg6 14. e5 Nd5 15. Nxd5+ exd5 16. Rxd5 Bg7 17. Rd7+ Kf8 18. e6 a5 19. e7+ Kg8 20. Rd8+ Kh7 21. Rxb8 Rxb8 22.
e8=Q Rxe8 23. Bxe8 Bxb2 24. Bxf7 Bxc2 25. Bxh5 Bd3 26.
Kh1 a4 27. Rf7+ Kg8 28. Rxb7 a3 29. c6 Be4 30. Bf3 1-0

[Event "*** Titled Tuesday Blitz"]
[Site "Chess.com"]
[Date "2021.03.16"]
[Round "6"]
[White "Darius321"]
[Black "Smile2005"]
[Result "1/2-1/2"]
[WhiteElo "2288"]
[BlackElo "2426"]
[TimeControl "180+1"]
[EndTime "11:05:04 PDT"]
[Termination "Game drawn by repetition"]

1. e4 d5 2. exd5 Nf6 3. c4 e6 4. d4 exd5 5. Nc3 Bb4 6. Nf3 O-O 7.
c5 Bxc3+ 8. bxc3 b6 9. cxb6 axb6 10. Be2 Ba6 11. O-O Re8 12. Re1 Nc6 13. Bg5 Qd6 14.
Bxf6 Bxe2 15. Rxe2 Qxf6 16. Rxe8+ Rxe8 17. Qa4 g5 18. Ne5 Re6 19. Ng4 Qf4 20. Ne3 Rf6 21. Rf1 Qe4 22. Qb5 Ne7 23. Qe8+ Kg7 24. Nxd5 Qxd5 25. Qxe7 Qxa2 26. Qxc7 Qb2 27. h3 b5 28. Qe5 Qxc3 29. Qxg5+ Rg6 30. Qe5+ Kh6 31. Qf4+ Kg7 32. Qe5+ Kg8 33. Qe8+ Kg7 34. Qe5+ 1/2-1/2

[Event "*** Titled Tuesday Blitz"]
[Site "Chess.com"]
[Date "2021.03.16"]
[Round "6"]
[White "organdzievhren"]
[Black "IsaacWiebe"]
[Result "1-0"]
[WhiteElo "2428"]
[BlackElo "2254"]
[TimeControl "180+1"]
[EndTime "11:05:04 PDT"]
[Termination "organdzievhren won on time"]

1. e4 e5 2. Nf3 Nc6 3. Bb5 a6 4. Ba4 d6 5. O-O Ne7 6. d3 g6 7. c4 Bg7 8. Nc3 O-O 9. h3 h6 10. Nd5 Nxd5 11. cxd5 Ne7 12. b4 f5 13. Bb3 f4 14. d4 g5 15. dxe5 Ng6 16. e6 Bxa1 17. Bxf4 Nxf4 18. Qxa1 Nxh3+ 19. gxh3 Rxf3 20. Bd1 Rxh3 21.
Kg2 Rh4 22. e5 Qe7 23. Bb3 Bxe6 24. dxe6 Rf8 25. exd6 cxd6 26. Qb1 Rf6 27. Qc2 Rg4+ 28. Kh3 Rh4+ 29. Kg2 Kg7 30. f3 g4 31. f4 g3 32.
Qc3 Kh8 33. Kxg3 Qg7+ 34. Kxh4 Qg6 35. e7 1-0

[Event "*** Titled Tuesday Blitz"]
[Site "Chess.com"]
[Date "2021.03.16"]
[Round "6"]
[White "kubal123"]
[Black "crazy_but_lazy"]
[Result "0-1"]
[WhiteElo "2256"]
[BlackElo "2466"]
[TimeControl "180+1"]
[EndTime "11:05:04 PDT"]
[Termination "crazy_but_lazy won on time"]

1. e4 c5 2. Nf3 d6 3. d4 cxd4 4. Qxd4 a6 5. c4 Nc6 6. Qe3 g6 7. Nc3 Bh6 8. Qe2 Bg7 9. h3 Nf6 10. Qd1 O-O 11. Be2 Nd7 12. O-O Nc5 13. Nd2 Nd4 14.
Re1 b5 15. cxb5 axb5 16. Nxb5 Nxe2+ 17. Qxe2 Ba6 18. a4 Qb8 19. Ra3 Nxa4 20. Rxa4 Qxb5 21. Qxb5 Bxb5 22. Rxa8 Rxa8 0-1

[Event "*** Titled Tuesday Blitz"]
[Site "Chess.com"]
[Date "2021.03.16"]
[Round "6"]
[White "NoGuru"]
[Black "Aradhya2000"]
[Result "0-1"]
[WhiteElo "2284"]
[BlackElo "2573"]
[TimeControl "180+1"]
[EndTime "11:05:08 PDT"]
[Termination "Aradhya2000 won on time"]

1. d4 d5 2. Bf4 Nf6 3. e3 c5 4. Nd2 Nc6 5. c3 Bf5 6. Ngf3 Qb6 7. dxc5 Qxb2 8. Nd4 e5 9. Nxf5 exf4 10. Rb1 Qxc3 11. Bb5 Bxc5 12. Bxc6+ bxc6 13. Rc1 Qb4 14. Nxg7+ Kf8 15. Nf5 Ne4 16. Rb1 Qa5 17. Qc2 Rg8 18.
a3 Rxg2 19. Rf1 fxe3 20. fxe3 Rxd2 21. Qc1 Rc2+ 0-1

[Event "*** Titled Tuesday Blitz"]
[Site "Chess.com"]
[Date "2021.03.16"]
[Round "6"]
[White "Lady_Nika"]
[Black "Szparu"]
[Result "0-1"]
[WhiteElo "2397"]
[BlackElo "2631"]
[TimeControl "180+1"]
[EndTime "11:05:11 PDT"]
[Termination "Szparu won by resignation"]

1. d4 Nf6 2. e3 g6 3. f4 Bg7 4. Nf3 c5 5. c3 O-O 6. Bd3 b6 7. O-O Bb7 8. Nbd2 d6 9. Qe1 Nbd7 10.
b3 e5 11. fxe5 dxe5 12. dxe5 Ng4 13. Bb2 Ndxe5 14. Nxe5 Bxe5 15. Bc4 Nxh2 16. Nf3 Nxf3+ 17. Rxf3 Bxf3 18. gxf3 Qg5+ 19. Kf1 Bg3 20. Qe2 Rfe8 21. e4 h5 22. Bc1 Qf6 23. Kg2 Qh4 24. Kg1 Be5 25.
Qg2 Kg7 26. Be3 Bxc3 27. Bg5 Qxg5 28. Qxg5 Bxa1 29. Qd5 Rf8 30. e5 Rad8 31. Qb7 Bxe5 32. Qxa7 h4 33. Qxb6 h3 34. f4 Bxf4 35. Qxc5 h2+ 36.
Kg2 Rd1 37. Bf1 Rxf1 38. Kxf1 h1=Q+ 39. Ke2 Qe4+ 40. Kd1 Qd3+ 41. Ke1 Bg3+ 0-1

[Event "*** Titled Tuesday Blitz"]
[Site "Chess.com"]
[Date "2021.03.16"]
[Round "6"]
[White "BvsN"]
[Black "DonPreuss"]
[Result "1-0"]
[WhiteElo "2421"]
[BlackElo "2298"]
[TimeControl "180+1"]
[EndTime "11:05:11 PDT"]
[Termination "BvsN won by resignation"]

1. c4 Nc6 2. Nc3 e5 3. Nf3 Bc5 4. e3 d6 5. a3 a6 6. b4 Ba7 7.
Bb2 f5 8. d4 e4 9. Nd2 Nf6 10.
Be2 O-O 11. O-O Qe8 12. Qb3 Kh8 13. c5 Qg6 14. f3 exf3 15. Bxf3 Qg5 16. Rae1 Re8 17.
Nd1 Bd7 18. Kh1 Ng4 19. Bxg4 Qxg4 20. Nf2 Qh5 21. Nf3 Re7 22. Nh3 Rae8 23. Nf4 Qf7 24. Qxf7 Rxf7 25. Ng5 Rfe7 26. Nd5 dxc5 27. bxc5 Nd8 28.
Nxe7 Rxe7 29. e4 h6 30. Nf3 fxe4 31. Ne5 Nc6 32. Ng6+ 1-0

[Event "*** Titled Tuesday Blitz"]
[Site "Chess.com"]
[Date "2021.03.16"]
[Round "6"]
[White "JordanLoyd2020"]
[Black "chess4life23"]
[Result "0-1"]
[WhiteElo "2488"]
[BlackElo "2298"]
[TimeControl "180+1"]
[EndTime "11:05:11 PDT"]
[Termination "chess4life23 won by checkmate"]

1. d4 Nf6 2. c4 g6 3. Nc3 d5 4.
cxd5 Nxd5 5. e4 Nxc3 6. bxc3 Bg7 7. Nf3 O-O 8. Be3 c5 9. Qd2 Qc7 10. d5 Rd8 11. Rd1 e5 12. c4 b6 13. Be2 Nc6 14. h4 Bg4 15. Qc1 Bxf3 16. gxf3 Nd4 17. h5 f5 18. hxg6 hxg6 19. Bh6 f4 20. Bg5 Re8 21.
Kd2 Kf7 22. Kd3 Rh8 23. Rxh8 Rxh8 24. Rh1 Rxh1 25. Qxh1 Qd7 26. Bd1 b5 27. Bh6 bxc4+ 28. Kc3 Qb5 29. Bxg7 Qb4# 0-1

[Event "*** Titled Tuesday Blitz"]
[Site "Chess.com"]
[Date "2021.03.16"]
[Round "6"]
[White "korbul"]
[Black "bazar-wokzal"]
[Result "0-1"]
[WhiteElo "2588"]
[BlackElo "2495"]
[TimeControl "180+1"]
[EndTime "11:05:12 PDT"]
[Termination "bazar-wokzal won by resignation"]

1. d4 Nf6 2. Nf3 e6 3. Bf4 c5 4.
e3 b6 5. Nc3 Bb7 6. Nb5 Na6 7.
Nd6+ Bxd6 8. Bxd6 Ne4 9. Bf4 O-O 10. c3 f5 11. h3 Nc7 12. Bd3 Nd5 13. Bh2 Qf6 14.
Qe2 Rac8 15. O-O Ng5 16. Ne5 f4 17. Nxd7 Nxh3+ 18. Kh1 Qh4 19. e4 f3 20. gxf3 Ndf4 21.
Qe3 Rf7 22. Ne5 Rf6 23. Ng4 Rg6 24. Rg1 Rf8 25. Rg3 Nxd3 26. Qxd3 Nxf2+ 27. Nxf2 Rxg3 28. d5 Rgxf3 0-1

[Event "*** Titled Tuesday Blitz"]
[Site "Chess.com"]
[Date "2021.03.16"]
[Round "6"]
[White "abeljusto"]
[Black "ChelsieMonica"]
[Result "0-1"]
[WhiteElo "2170"]
[BlackElo "2341"]
[TimeControl "180+1"]
[EndTime "11:05:15 PDT"]
[Termination "ChelsieMonica won by resignation"]

1. d4 Nf6 2. Bf4 d6 3. Nc3 Nbd7 4. e4 e5 5. Bg5 Be7 6. d5 h6 7.
Bh4 g5 8. Bg3 Nf8 9. Be2 h5 10. h4 g4 11. Qd2 Ng6 12. f3 a6 13.
O-O-O b5 14. Rf1 b4 15. Nd1 a5 16. Ne3 Bd7 17. Bd3 Qb8 18. Nf5 Bf8 19. Kb1 a4 20. Ne2 b3 21. cxb3 axb3 22. a3 Bxf5 23. exf5 Ne7 24.
Be4 Bh6 25. Qd3 O-O 26. fxg4 hxg4 27. h5 Ra5 28. Nc3 Qa8 29. Rf2 Rxa3 30. bxa3 Qxa3 31. Rb2 Ra8 32. Na2 Nxe4 33. Qxb3 Nd2+ 34. Rxd2 Qxb3+ 35. Rb2 Qxg3 0-1

[Event "*** Titled Tuesday Blitz"]
[Site "Chess.com"]
[Date "2021.03.16"]
[Round "6"]
[White "Andrakhanova"]
[Black "campomania3"]
[Result "0-1"]
[WhiteElo "2233"]
[BlackElo "2171"]
[TimeControl "180+1"]
[EndTime "11:05:18 PDT"]
[Termination "campomania3 won on time"]

1. c4 c6 2. e4 d5 3. exd5 cxd5 4. d4 Nf6 5. Nc3 Nc6 6. Nf3 Be6 7. cxd5 Bxd5 8.
Bb5 e6 9. O-O Be7 10. Ne5 O-O 11. Nxd5 Qxd5 12. Nxc6 bxc6 13. Be2 Rfd8 14. Be3 a6 15. b3 c5 16. Bf3 Ne4 17. Qc2 f5 18. dxc5 Rac8 19. Rfd1 Qe5 20. Bxe4 fxe4 21. Rxd8+ Rxd8 22. Rd1 Rxd1+ 23. Qxd1 Bxc5 24. Qd8+ Kf7 25. Qd7+ Be7 26.
g3 Qd5 27. Qxd5 exd5 28. Kf1 Bf6 29. Ke2 d4 30. Bd2 Ke6 31. f3 Kd5 32. fxe4+ Kxe4 33. Bf4 Be7 34. h4 g6 35. a4 Bxh4 0-1

[Event "*** Titled Tuesday Blitz"]
[Site "Chess.com"]
[Date "2021.03.16"]
[Round "6"]
[White "vladgoncharov"]
[Black "AlexPapasimakopoulos"]
[Result "0-1"]
[WhiteElo "2450"]
[BlackElo "2619"]
[TimeControl "180+1"]
[EndTime "11:05:22 PDT"]
[Termination "AlexPapasimakopoulos won on time"]

1. Nf3 f5 2. c4 Nf6 3. d4 g6 4. g3 Bg7 5. Bg2 O-O 6. O-O d6 7.
Nc3 e6 8. Re1 Ne4 9. Qc2 Nxc3 10. bxc3 Nc6 11. e4 e5 12. Bb2 f4 13. Rad1 Qe7 14. c5 g5 15. Ba3 g4 16. cxd6 cxd6 17. Nxe5 Nxe5 18. dxe5 Bxe5 19. c4 b6 20. gxf4 Rxf4 21. Bxd6 Bxd6 22. Rxd6 Qxd6 23. e5 Qb4 24.
Rb1 Qf8 25. Bxa8 Bf5 26. Bd5+ Kg7 27. Qb2 Bxb1 28. e6+ Qf6 29. Qxb1 Qd4 0-1

[Event "*** Titled Tuesday Blitz"]
[Site "Chess.com"]
[Date "2021.03.16"]
[Round "6"]
[White "GM4life"]
[Black "jfriedel"]
[Result "0-1"]
[WhiteElo "2338"]
[BlackElo "2610"]
[TimeControl "180+1"]
[EndTime "11:05:23 PDT"]
[Termination "jfriedel won by resignation"]

1. e4 e5 2. Nf3 Nc6 3. Bb5 a6 4. Ba4 Nf6 5. O-O Be7 6. Re1 b5 7. Bb3 d6 8. c3 O-O 9. h3 Nb8 10. d4 Nbd7 11. Nbd2 Bb7 12. Bc2 Re8 13. Nf1 Bf8 14.
Ng3 g6 15. a4 Nb6 16. b3 bxa4 17. bxa4 a5 18. Bg5 Bg7 19. Qc1 Qd7 20. Rd1 exd4 21. Rxd4 Qe6 22. Rb1 Nfd7 23. Bb3 d5 24. exd5 Bxd5 25.
Re4 Qc6 26. Bxd5 Nxd5 27. Nd4 Qxc3 28. Qd1 Rxe4 29. Nxe4 Qxd4 30. Qxd4 Bxd4 31. Rd1 c5 32. Nxc5 Nxc5 33. Rxd4 Nb6 34. Rd6 Nbxa4 35. Be3 Ne6 36. f4 Nc3 37. g4 a4 38. f5 gxf5 39. gxf5 a3 40. fxe6 a2 41. e7 a1=Q+ 42. Kh2 Ra2+ 43. Kg3 Ne4+ 0-1

[Event "*** Titled Tuesday Blitz"]
[Site "Chess.com"]
[Date "2021.03.16"]
[Round "6"]
[White "nurgyulsalimova"]
[Black "mjray79"]
[Result "1-0"]
[WhiteElo "2634"]
[BlackElo "2473"]
[TimeControl "180+1"]
[EndTime "11:05:25 PDT"]
[Termination "nurgyulsalimova won by resignation"]

1. b3 Nf6 2. c4 g6 3. Bb2 Bg7 4.
g3 O-O 5. Bg2 d5 6. cxd5 Nxd5 7.
Bxg7 Kxg7 8. Nf3 Nc6 9. O-O Bg4 10. Nc3 e5 11. Rc1 Nxc3 12. Rxc3 Qd7 13. Qa1 f6 14. Rfc1 Rad8 15. d3 Rf7 16. Qb2 Be6 17. Ne1 Bd5 18. Nc2 Bxg2 19. Kxg2 Qd5+ 20. Kg1 e4 21.
Ne3 Qd4 22. Qb1 exd3 23. Rxd3 Qe4 24. Rxd8 Qxb1 25. Rxb1 Nxd8 26. Rd1 Nc6 27. f4 Re7 28. Kf2 Kf7 29. Kf3 f5 30. Nc4 Re4 31. e3 Ke7 32. g4 Re6 33. gxf5 gxf5 34. Rd5 Kf6 35. a4 Re7 36. h4 a6 37. h5 Nb4 38. Rd8 Nc2 39. Ne5 Nb4 40. Rf8+ Ke6 41. e4 fxe4+ 42. Kxe4 Nd5 43. f5+ Kd6 44. Rd8+ Kc5 45. Rxd5+ 1-0

[Event "*** Titled Tuesday Blitz"]
[Site "Chess.com"]
[Date "2021.03.16"]
[Round "6"]
[White "chesslh19"]
[Black "Vandros57"]
[Result "1/2-1/2"]
[WhiteElo "2249"]
[BlackElo "2191"]
[TimeControl "180+1"]
[EndTime "11:05:25 PDT"]
[Termination "Game drawn by repetition"]

1. e4 c5 2. Nf3 e6 3. d4 cxd4 4.
Nxd4 Nf6 5. Nc3 Nc6 6. Ndb5 Bb4 7. Bf4 e5 8. Bg5 O-O 9. a3 Be7 10. Bxf6 Bxf6 11. Nd5 a6 12. Nd6 g6 13. Be2 Nd4 14. c3 Nxe2 15. Qxe2 Be7 16. Nxc8 Rxc8 17. O-O Bc5 18.
Rad1 Kg7 19. Kh1 d6 20. Qd3 f5 21. Ne3 fxe4 22. Qxe4 Qe7 23. Nd5 Qf7 24. h3 Rcd8 25. Rd3 Qf5 26. Qxf5 gxf5 27. b4 Ba7 28. f3 Kf7 29.
Rfd1 Ke6 30. Nc7+ Ke7 31. Nd5+ Ke6 32. Nc7+ Ke7 33. Nd5+ Ke6 1/2-1/2

[Event "*** Titled Tuesday Blitz"]
[Site "Chess.com"]
[Date "2021.03.16"]
[Round "6"]
[White "GregShahade"]
[Black "Susal_De_Silva"]
[Result "1-0"]
[WhiteElo "2777"]
[BlackElo "2634"]
[TimeControl "180+1"]
[EndTime "11:05:27 PDT"]
[Termination "GregShahade won by resignation"]

1. e4 e5 2. Nf3 Nc6 3. Bb5 a6 4.
Ba4 Nf6 5. O-O Be7 6. Re1 b5 7. Bb3 d6 8. c3 O-O 9. h3 Na5 10. Bc2 c5 11. d4 Nd7 12. Nbd2 exd4 13. cxd4 Nc6 14. d5 Nce5 15. a4 b4 16. Nxe5 Nxe5 17.
f4 Ng6 18. Nc4 a5 19. e5 Ba6 20. b3 Bh4 21. Re2 Bxc4 22. bxc4 Re8 23. Qd3 b3 24.
Qxb3 dxe5 25. Bxg6 hxg6 26. fxe5 Bf6 27. Bf4 Qc7 28.
Rae1 Bh4 29. Rf1 Rab8 30. Qf3 Qd7 31. e6 fxe6 32. Bxb8 Rxb8 33. Rxe6 Rb2 34. Qf8+ Kh7 35. Re8 g5 36. Qg8+ 1-0

[Event "*** Titled Tuesday Blitz"]
[Site "Chess.com"]
[Date "2021.03.16"]
[Round "6"]
[White "Niktlt"]
[Black "Sanyura"]
[Result "1-0"]
[WhiteElo "2510"]
[BlackElo "2626"]
[TimeControl "180+1"]
[EndTime "11:05:28 PDT"]
[Termination "Niktlt won on time"]

1. c4 e5 2. Nc3 Nf6 3. Nf3 Nc6 4. e4 Bb4 5. d3 h6 6. g3 O-O 7. Bg2 d6 8. O-O a5 9. a3 Bc5 10. Be3 Bg4 11. h3 Bxf3 12. Bxf3 Nd4 13. Bg2 c6 14.
Kh2 Ne6 15. Rb1 Re8 16. Qe2 Bd4 17. f4 exf4 18. gxf4 Bxe3 19. Qxe3 d5 20. cxd5 cxd5 21. exd5 Nc7 22. Qd4 Qd7 23. Rbe1 Rad8 24. Re5 Ne6 25. Qb6 Nc7 26. Qxb7 Qd6 27. Rfe1 Rf8 28. Qc6 Qxc6 29. dxc6 Rxd3 30. Re7 Rc8 31. R1e2 Rd6 32. b4 Kf8 33. b5 Na8 34. Rb7 Rd4 35. Ree7 1-0

[Event "*** Titled Tuesday Blitz"]
[Site "Chess.com"]
[Date "2021.03.16"]
[Round "6"]
[White "elegant285"]
[Black "andriipalchuk"]
[Result "1-0"]
[WhiteElo "2395"]
[BlackElo "2561"]
[TimeControl "180+1"]
[EndTime "11:05:30 PDT"]
[Termination "elegant285 won by resignation"]

1. d4 Nf6 2. Bf4 d5 3. e3 c5 4. Nd2 Nc6 5. Ngf3 Bf5 6. dxc5 e6 7. Nd4 Bg6 8. Nxc6 bxc6 9. b4 Nh5 10. Be5 f6 11. Bb2 f5 12. Be2 Nf6 13. Nf3 Nd7 14.
Ne5 Qc7 15. Nxd7 Qxd7 16. Be5 Kf7 17. h4 Kg8 18. h5 Bf7 19. h6 Bg6 20. Qd4 Re8 21.
a4 Re7 22. b5 Rf7 23. f4 Qc8 24. b6 axb6 25. cxb6 c5 26. Qb2 Qb7 27. a5 Rd7 28. a6 Qc6 1-0

[Event "*** Titled Tuesday Blitz"]
[Site "Chess.com"]
[Date "2021.03.16"]
[Round "6"]
[White "lagedema"]
[Black "SameerMujumdar"]
[Result "0-1"]
[WhiteElo "2446"]
[BlackElo "2322"]
[TimeControl "180+1"]
[EndTime "11:05:30 PDT"]
[Termination "SameerMujumdar won by resignation"]

1. d4 Nf6 2. Bg5 Ne4 3. Bf4 d6 4.
e3 Nd7 5. Bd3 Nef6 6. h3 g6 7.
Bh2 Bg7 8. Nf3 O-O 9. O-O Re8 10. c4 e5 11. Be2 b6 12. dxe5 dxe5 13. Nxe5 Bb7 14.
Nxd7 Nxd7 15. Nc3 Bxc3 16. bxc3 Ne5 17. c5 Qe7 18. cxb6 axb6 19. Qc2 Qc5 20. Rfd1 Qc6 21. f3 Qc5 22. Rd4 Nc6 23. Qd2 Nxd4 24. cxd4 Qa3 25. e4 c6 26. h4 Ba6 27. Bd1 Bc4 28. h5 Ra5 29. hxg6 hxg6 30. Bc7 Rb5 31. e5 Rb2 32. Qc1 b5 33. Bd6 b4 34. Qxc4 Qe3+ 35.
Kh2 Qf2 36. Bc2 Rxc2 37. Qf1 Qxd4 38. Rc1 Qf4+ 39. Kh3 Rxc1 0-1

[Event "*** Titled Tuesday Blitz"]
[Site "Chess.com"]
[Date "2021.03.16"]
[Round "6"]
[White "whogeeyao"]
[Black "chessmadara"]
[Result "0-1"]
[WhiteElo "2318"]
[BlackElo "2180"]
[TimeControl "180+1"]
[EndTime "11:05:34 PDT"]
[Termination "chessmadara won by resignation"]

1. e4 c5 2. Nf3 d6 3. d4 cxd4 4.
Nxd4 Nf6 5. Nc3 g6 6. Be3 Bg7 7. f3 Nc6 8. Qd2 O-O 9. O-O-O d5 10. exd5 Nxd5 11. Nxc6 bxc6 12. Bd4 Nxc3 13. Qxc3 Bh6+ 14. Be3 Bxe3+ 15. Qxe3 Qb6 16. Qxe7 Be6 17. b3 a5 18. a4 Rab8 19. Qa3 Qe3+ 20. Kb2 Rb4 21. Rd3 Qe5+ 22. Kb1 Rfb8 23. Qb2 Qe1+ 24. Qc1 Qf2 25. Qe3 Qh4 26. Qe5 Qf2 27. Qe3 Qxe3 28. Rxe3 Rxa4 29. Rc3 Rab4 30. Rxc6 a4 31. Be2 axb3 32. cxb3 Rxb3+ 33. Kc2 Rb2+ 34. Kd3 R8b3+ 0-1

[Event "*** Titled Tuesday Blitz"]
[Site "Chess.com"]
[Date "2021.03.16"]
[Round "6"]
[White "AttilaTurzo"]
[Black "kreonx"]
[Result "1-0"]
[WhiteElo "2542"]
[BlackElo "2317"]
[TimeControl "180+1"]
[EndTime "11:05:35 PDT"]
[Termination "AttilaTurzo won on time"]

1. d4 Nf6 2. Nf3 e6 3. Bf4 c5 4. e3 d5 5. c3 Nc6 6. Nbd2 Bd6 7.
Bg3 Bxg3 8. hxg3 O-O 9. Bd3 h6 10. Ne5 Nxe5 11. dxe5 Nd7 12. f4 Qb6 13. Rb1 c4 14.
Be2 Qxe3 15. Nf1 Qc5 16. Qd2 f6 17. exf6 Nxf6 18. Bf3 e5 19. fxe5 Re8 20. Qd4 Qe7 21. Bxd5+ Nxd5 22. Qxd5+ Be6 23. Qe4 Rad8 24. Ne3 Rd3 25.
O-O Qg5 26. Nxc4 Rxg3 27. Nd6 Bh3 28. Rf2 Rxe5 29. Qxb7 Re6 30. Nf7 1-0

[Event "*** Titled Tuesday Blitz"]
[Site "Chess.com"]
[Date "2021.03.16"]
[Round "6"]
[White "anon132639"]
[Black "Vasily85"]
[Result "1-0"]
[WhiteElo "2756"]
[BlackElo "2441"]
[TimeControl "180+1"]
[EndTime "11:05:36 PDT"]
[Termination "anon132639 won by resignation"]

1. e4 c5 2. Nf3 e6 3. c3 Nf6 4. e5 Nd5 5. d4 cxd4 6. Qxd4 Nc6 7. Qe4 f5 8. exf6 Nxf6 9. Qh4 Be7 10. Bd3 b6 11. Bg6+ Kf8 12. Bd3 Bb7 13. O-O Qe8 14. Bg5 Nd5 15. Nbd2 Bxg5 16. Nxg5 h6 17. f4 Qe7 18. Qh5 Kg8 19. Nh3 Rf8 20. Rae1 Nf6 21. Qe2 Qc5+ 22. Kh1 Qh5 23. Nf3 Ne7 24. Kg1 Nf5 25. Ne5 Qxe2 26. Rxe2 d6 27. Ng6 Kf7 28.
Nxh8+ Rxh8 29. Rfe1 Re8 30. Bxf5 exf5 31. Rxe8 Nxe8 32.
Nf2 Bd5 33. b3 Nf6 34. c4 Bc6 35. Rd1 Ke6 36. Kf1 Ne4 37. Nxe4 fxe4 38. g3 Kf5 39. Rxd6 Be8 40. Kf2 Bh5 41. Ke3 Bf3 42. h3 g5 43.
g4+ 1-0